 Dungeon Crawl Stone Soup version 0.19-a0-1932-g59670f6 (webtiles) character file.

14148 varam the Cruncher (level 12, -11/70 HPs)
             Began as a Gargoyle Gladiator on Oct 25, 2016.
             Was a High Priest of Trog.
             Killed from afar by an ophan (35 damage)
             ... with a bolt of fire
             ... on level 1 of the Abyss.
             The game lasted 00:43:31 (12571 turns).

varam the Cruncher (Gargoyle Gladiator)            Turns: 12571, Time: 00:43:32

Health: -11/70     AC: 25    Str: 18    XL:     12   Next: 13%
Magic:  15/15      EV: 13    Int:  9    God:    Trog [*****.]
Gold:   861        SH:  0    Dex: 16    Spells: 0 memorised, 11 levels left

rFire  . . .     SeeInvis .     L - +7 quarterstaff "Mifentit" {drain, *Corrode rElec MR++}
rCold  . . .     Gourm    .     b - +0 ring mail
rNeg   + + .     Faith    .     (shield currently unavailable)
rPois  ∞         Spirit   .     v - +0 helmet
rElec  +         Reflect  .     D - +1 cloak {MR+}
rCorr  .         Harm     .     l - +0 pair of gloves
MR     +++..     Rnd*Rage +     (no boots)
Stlth  +.........               y - amulet of magic regeneration
                                W - +3 ring of protection
                                m - ring of positive energy

@: about to teleport, very slightly contaminated, hasted, glowing, very quick
A: iridescent scales 1, thin skeletal structure 1, berserk 1, blurry vision 1,
frail 1, negative energy resistance 1, electricity resistance, slow regeneration
1, weak 1, unbreathing, petrification resistance, rot immunity, AC +8
a: Berserk, Trog's Hand, Brothers in Arms, Burn Spellbooks, Renounce Religion


You were on level 1 of the Abyss.
You worshipped Trog.
Trog was extremely pleased with you.
You were near starving.

You visited 2 branches of the dungeon, and saw 13 of its levels.
You visited the Abyss 1 time.
You also visited: Sewer.

You collected 861 gold pieces.

Inventory:

Hand Weapons
 c - a +2 antimagic quarterstaff
 L - the +7 quarterstaff "Mifentit" (weapon) {drain, *Corrode rElec MR++}
   (You found it on level 10 of the Dungeon)

   A truly terrible weapon, it drains the life of those it strikes.
   It insulates you from electricity.
   It affects your resistance to hostile enchantments.
   It may corrode you when you take damage.
Missiles
 d - 2 throwing nets (quivered)
Armour
 b - a +0 ring mail (worn)
 l - a +0 pair of gloves (worn)
 v - a +0 helmet (worn)
 D - a +1 cloak of magic resistance (worn)
Jewellery
 m - a ring of positive energy (left hand)
 y - an amulet of magic regeneration (around neck)
 B - an uncursed ring of protection from cold
 W - a +3 ring of protection (right hand)
 X - an uncursed ring of protection from cold
Wands
 H - a wand of digging (16/24)
 N - a wand of disintegration (16/24)
 Q - a wand of heal wounds (5/9)
 R - a wand of flame (19/48)
 V - a wand of iceblast (7/15)
Scrolls
 a - a scroll of identify {@r1}
 f - a scroll of remove curse {unknown}
 p - 3 scrolls of teleportation
 q - 2 scrolls of blinking
Potions
 e - 9 potions of haste
 n - 4 potions of curing {@q1}
 A - 2 potions of heal wounds
Comestibles
 x - 3 royal jellies


   Skills:
 + Level 10.3 Fighting
 - Level 14.0 Staves
 - Level 1.7 Throwing
 + Level 7.7 Armour
 + Level 3.9 Dodging
 - Level 4.0 Evocations


You had 11 spell levels left.
You didn't know any spells.

Dungeon Overview and Level Annotations

Branches:
Dungeon (11/15)            Temple (0/1) D:4            Lair (2/6) D:11
    Orc (0/2) D:9
  Swamp: Lair:2-4    Shoals: Lair:2-4     Snake: Lair:2-4    Spider: Lair:2-4

Altars:
Ashenzari
Dithmenos
Elyvilon
Gozag
Hepliaklqana
Kikubaaqudgha
Makhleb
Nemelex Xobeh
Ru
Trog
Zin

Annotations:
Lair:2 Sonja


Innate Abilities, Weirdness & Mutations

You are resistant to torment.
Your stone body is resilient. (AC +8)
You are immune to poison.
You resist negative energy. (rN+)
You are resistant to electric shocks. (rElec)
You can survive without breathing.
You are immune to petrification.
You are immune to rotting.
You are partially covered in iridescent scales. (AC +2)
You have a somewhat thin skeletal structure. (Dex +2, Stealth)
You tend to lose your temper in combat.
Scrolls take you a little longer to read.
You are frail. (-10% HP)
You regenerate slowly when monsters are visible.
You are weak. (Str -2)


Message History

You feel the power of the Abyss delaying your translocation!
Found 21 stones.
A large abomination comes into view.
The large abomination barely misses you.
You see here a meat ration.
You feel yourself speed up.
Really read with blurry vision while enemies are nearby? [Y]es or [N]o only, please.
Really read with blurry vision while enemies are nearby? [Y]es or [N]o only, please.
Really read with blurry vision while enemies are nearby?
Okay, then.
You hit the large abomination.
The large abomination is lightly damaged.
You sock the large abomination!
The large abomination is moderately damaged.
The ophan harnesses the cleansing power of fire!
The bolt of fire hits you!
Ouch! That really hurt!
You die...

..........#.... ....
# .#.###..§..... .. .
##..#.#.# .....G
#...# #..#.(
..#....#.#
#...####.#....#.. .#
#.#.#..#..........#..
# #
#......#.G#####.###
... . § ##X.#...§....
.G# . ##.@# ##.
...#.... . ####.
........#.. ###.
..........
#.......... . #.#
...#..# . #.# .. ....
# #.#§D. ....#.# ..
.# . .... #..


You could see an ophan and a large abomination.

Vanquished Creatures
  The ghost of slr42 the Chopper, a novice DDFi of Makhleb (D:6)
  Pikel (D:7)
  2 ugly things (D:11)
  Maurice (D:10)
  3 elephants (Lair:2)
  A black mamba (Lair:1)
  Psyche (D:8)
  2 komodo dragons (Lair:1)
  A rime drake (Lair:2)
  A troll (D:5)
  The ghost of varam the Cudgeler, an amateur CeMo (D:3)
  3 hippogriffs
  4 hogs (D:11)
  A wraith (D:11)
  9 yaks
  A wyvern (D:11)
  A human (D:11)
  A hungry ghost (D:7)
  A water moccasin (D:10)
  A porcupine (Lair:1)
  An ice beast (D:7)
  4 orc warriors
  2 black bears
  A necrophage (D:11)
  5 ogres
  A sky beast (D:5)
  2 centaurs
  3 crocodiles
  15 bullfrogs
  A wyvern skeleton (D:6)
  2 scorpions
  15 killer bees
  9 wights
  3 howler monkeys
  2 vampire bats (D:3)
  2 crimson imps
  2 centaur zombies
  3 bullfrog zombies
  7 hounds
  An orc priest (D:5)
  3 bullfrog skeletons
  2 jellies
  12 orc wizards
  7 iguanas
  11 worker ants
  A hound zombie (D:5)
  A worker ant zombie (D:7)
  Robin (D:4)
  11 adders
  7 gnolls
  2 howler monkey skeletons
  4 shadow imps
  An adder zombie (D:7)
  An adder skeleton (D:6)
  5 worms
  A dart slug (D:1)
  9 leopard geckos
  53 orcs
  24 bats
  6 giant cockroaches
  14 goblins
  11 hobgoblins
  6 jackals
  9 kobolds
  3 quokkas
  3 ball pythons
  7 frilled lizards
  A jackal skeleton (D:5)
  2 leopard gecko skeletons
  A leopard gecko zombie (D:8)
  A quokka skeleton (D:7)
  A quokka zombie (D:7)
  10 rats
  8 plants (D:11)
357 creatures vanquished.

Vanquished Creatures (collateral kills)
  A crimson imp (D:9)
1 creature vanquished.

Grand Total: 358 creatures vanquished

Notes
Turn   | Place    | Note
-------+----------+-------------------------------------------
     0 | D:1      | varam the Gargoyle Gladiator began the quest for the Orb.
     0 | D:1      | Reached XP level 1. HP: 12/12 MP: 1/1
   328 | D:1      | Reached XP level 2. HP: 17/17 MP: 2/2
   623 | D:1      | Reached skill level 4 in Staves
   699 | D:1      | Reached XP level 3. HP: 21/21 MP: 3/3
  1310 | D:3      | Reached skill level 1 in Armour
  1324 | D:3      | Found a bloodstained altar of Trog.
  1324 | D:3      | Found a shadowy altar of Dithmenos.
  1325 | D:3      | Found a shattered altar of Ashenzari.
  1331 | D:3      | Became a worshipper of Trog the Wrathful
  1400 | D:3      | Reached XP level 4. HP: 26/26 MP: 4/4
  1536 | D:3      | Reached skill level 5 in Staves
  1536 | D:3      | Reached XP level 5. HP: 29/30 MP: 5/5
  1687 | D:3      | Reached * piety under Trog
  1860 | D:3      | Reached skill level 6 in Staves
  1860 | D:3      | Reached XP level 6. HP: 26/35 MP: 6/6
  2064 | D:3      | Noticed varam's ghost (amateur CeMo)
  2086 | D:3      | Killed varam's ghost
  2086 | D:3      | Reached XP level 7. HP: 21/40 MP: 7/7
  2523 | D:4      | Reached skill level 7 in Staves
  2599 | D:4      | Found a staircase to the Ecumenical Temple.
  2613 | D:4      | Noticed Robin
  2620 | D:4      | Reached ** piety under Trog
  2634 | D:4      | Killed Robin
  3022 | D:5      | Entered Level 5 of the Dungeon
  3096 | D:5      | Found a glowing drain.
  3121 | D:5      | Reached skill level 8 in Staves
  3141 | Sewer    | Entered a sewer
  3279 | Sewer    | Reached XP level 8. HP: 41/44 MP: 8/8
  3437 | D:5      | Reached *** piety under Trog
  3555 | D:5      | Reached skill level 9 in Staves
  3688 | D:5      | Found a sacrificial altar of Ru.
  3759 | D:5      | HP: 2/66 [orc priest/divine providence (8)]
  4353 | D:5      | Reached skill level 10 in Staves
  4411 | D:5      | Noticed a troll
  4431 | D:5      | Killed a troll
  4520 | D:5      | Reached XP level 9. HP: 47/48 MP: 9/9
  4695 | D:5      | Found a glowing silver altar of Zin.
  4695 | D:5      | Found a burning altar of Makhleb.
  4696 | D:5      | Noticed a balrug
  4696 | D:5      | Noticed an angel
  4839 | D:6      | Reached skill level 11 in Staves
  5015 | D:6      | Noticed slr42's ghost (novice DDFi)
  5048 | D:6      | Killed slr42's ghost
  5180 | D:6      | Reached skill level 5 in Fighting
  5209 | D:6      | Found an ancient bone altar of Kikubaaqudgha.
  5923 | D:6      | Found a hazy altar of Hepliaklqana.
  6057 | D:6      | Found a white marble altar of Elyvilon.
  6295 | D:7      | Reached **** piety under Trog
  6624 | D:7      | Reached XP level 10. HP: 63/63 MP: 10/10
  7018 | D:7      | Reached skill level 12 in Staves
  7113 | D:7      | Noticed Pikel
  7122 | D:7      | Killed Pikel
  7463 | D:8      | Noticed Psyche
  7482 | D:8      | Killed Psyche
  7717 | D:8      | Reached ***** piety under Trog
  7880 | D:8      | Reached skill level 13 in Staves
  8385 | D:8      | Found an opulent altar of Gozag.
  8385 | D:8      | Found a sparkling altar of Nemelex Xobeh.
  9122 | D:9      | Found a staircase to the Orcish Mines.
  9193 | D:9      | Reached XP level 11. HP: 43/68 MP: 11/11
  9289 | D:9      | Reached skill level 14 in Staves
  9462 | D:9      | Gained mutation: You are weak. (Str -2) [potion of mutation]
  9462 | D:9      | Gained mutation: You regenerate slowly when monsters are visible. [potion of mutation]
  9462 | D:9      | Gained mutation: You tend to lose your temper in combat. [potion of mutation]
  9463 | D:9      | Gained mutation: Scrolls take you a little longer to read. [potion of mutation]
  9463 | D:9      | Gained mutation: You are partially covered in iridescent scales. (AC +2) [potion of mutation]
  9463 | D:9      | Gained mutation: You have a somewhat thin skeletal structure. (Dex +2, Stealth) [potion of mutation]
  9488 | D:9      | Reached skill level 1 in Evocations
 10088 | D:10     | Entered Level 10 of the Dungeon
 10548 | D:10     | Noticed Maurice
 10574 | D:10     | Killed Maurice
 10574 | D:10     | Received a gift from Trog
 10574 | D:10     | Reached skill level 5 in Armour
 10599 | D:10     | Got a crude quarterstaff
 10600 | D:10     | Identified the +7 quarterstaff "Mifentit" {drain, *Corrode rElec MR++} (You found it on level 10 of the Dungeon)
 10839 | D:11     | Noticed Snorg
 11032 | D:11     | Found a staircase to the Lair.
 11239 | D:11     | Noticed a cyan ugly thing
 11248 | D:11     | Killed a cyan ugly thing
 11386 | D:11     | Noticed a white ugly thing
 11396 | D:11     | Killed a white ugly thing
 11411 | D:11     | Gained mutation: You are frail. (-10% HP) [mutagenic meat]
 11629 | Lair:1   | Entered Level 1 of the Lair of Beasts
 12410 | Lair:1   | Noticed a four-headed hydra
 12461 | Lair:2   | Reached skill level 10 in Fighting
 12465 | Lair:2   | Reached XP level 12. HP: 69/69 MP: 15/15
 12472 | Lair:2   | Received a gift from Trog
 12486 | Lair:2   | Noticed Sonja
 12510 | Lair:2   | Cast into level 1 of the Abyss (Sonja)
 12537 | Abyss:1  | Noticed an ophan
 12562 | Abyss:1  | Noticed a bone dragon
 12571 | Abyss:1  | Killed from afar by an ophan

Vault maps used:
D:1:      wheals_arrival_linesprint
D:2:      serial_bayou_lake_a
D:3:      gammafunk_temple_overflow_claw, hex_tiny, roderic_batcave,
          kennysheep_generic_room_5
D:4:      uniq_robin
D:5:      kennysheep_six_static_rooms, grunt_temple_overflow_order_and_chaos_2,
          lemuel_coloured_pillars_altar, serial_curves, eino_curves_01,
          eino_curves_02, eino_curves_03, eino_curves_03, first_bread,
          portal_sewer_entry_a, hangedman_minor_gate_pass
D:6:      nicolae_overflow_hidden_temple
D:7:      uniq_pikel
D:8:      grunt_temple_overflow_opulence, uniq_psyche
D:9:      orc_0_dummy
D:10:     uniq_maurice
D:11:     dpeg_oklobed_lair, grunt_livestock, kennysheep_generic_room_15,
          uniq_snorg
Lair:1:   beast_lair_carwin_large_3
Lair:2:   cheibrodos_lair_caveside_slide, minivault_19,
          infiniplex_staircase_pool_2, grunt_megastairs_5, uniq_nergalle,
          uniq_sonja
Sewer:    sewer_big_baddie

Skill      XL: |  1  2  3  4  5  6  7  8  9 10 11 |
---------------+----------------------------------+-----
Staves         | 4 5 6 8 10 11 13 14 | 14.0
Armour         | 1 2 3 4 7 |  7.7
Fighting       | 7 8 10 | 10.3
Evocations     | 4 |  4.0
Dodging        | 3 |  3.9
Throwing       | |  1.7

Action                   |  1- 3 |  4- 6 |  7- 9 | 10-12 || total
-------------------------+-------+-------+-------+-------++-------
Melee: Quarterstaff      |    93 |   146 |   492 |   738 ||  1469
Throw: Throwing net      |       |       |       |     1 ||     1
Invok: Burn Spellbooks   |       |     1 |       |     1 ||     2
       Berserk           |       |     1 |     7 |     8 ||    16
       Trog's Hand       |       |       |     1 |       ||     1
       Brothers in Arms  |       |       |       |     1 ||     1
  Use: Scroll            |       |       |     6 |     8 ||    14
       Potion            |       |       |       |     3 ||     3
  Eat: Chunk             |     2 |     2 |    14 |    30 ||    48
       Bread ration      |       |       |     2 |       ||     2
Armor: Leather armour    |    15 |       |       |       ||    15
       Chain mail        |    37 |   127 |   195 |       ||   359
       Ring mail         |       |       |    67 |   220 ||   287
Dodge: Dodged            |    41 |    78 |   256 |   239 ||   614
